 Dungeon Crawl Stone Soup version 0.30.1-9-gdf580d7c3d (webtiles) character file.

Game seed: 2263777890135527289

461 tizbic2 the Grave Robber (level 7, 0/33 HPs)
             Began as a Vine Stalker Necromancer on Sept 30, 2023.
             Slain by an ice beast (3 damage)
             ... on level 5 of the Dungeon.
             The game lasted 00:16:43 (3605 turns).

tizbic2 the Grave Robber (Vine Stalker Necromancer) Turns: 3605, Time: 00:16:44

Health: 0/33       AC:  7    Str: 12    XL:     7   Next: 7%
Magic:  0/23       EV: 10    Int: 15    God:
Gold:   231        SH:  0    Dex: 15    Spells: 10/14 levels left

rFire   . . .        y - +0 short sword (elec)
rCold   . . .        (no shield)
rNeg    . . .        o - +0 ring mail
rPois   .            k - +1 helmet
rElec   .            (no cloak)
rCorr   .            (no gloves)
SInv    .            (no boots)
Will    .....        (no amulet)
Stlth   +            l - ring of magical power
HPRegen 1.05/turn    (no ring)
MPRegen 0.18/turn

%: guardian spirit
@: no status effects
A: fangs 2, regeneration 1, magic shield, antimagic bite, no potion heal 2
a: no special abilities


You were on level 5 of the Dungeon.
You visited 1 branch of the dungeon, and saw 5 of its levels.

You collected 231 gold pieces.

Inventory:

Hand Weapons
 c - a +0 short sword
 g - a +0 hand axe
 r - a +0 rapier
 u - a +0 dagger of speed
 w - a +2 flail of venom
 y - a +0 short sword of electrocution (weapon)
 A - a +0 long sword
Missiles
 b - 31 stones
 s - 6 poisoned darts
 z - a silver boomerang
Armour
 d - a +0 chain mail
 j - a +0 scale mail
 k - a +1 helmet (worn)
 o - a +0 ring mail (worn)
Jewellery
 l - a ring of magical power (left hand)
 x - a ring of flight
Wands
 f - a wand of flame (4)
Scrolls
 e - a scroll of magic mapping
 n - a scroll of teleportation
 q - 2 scrolls of fear
Potions
 a - a potion of resistance {unknown}
 h - 2 potions of attraction
 i - 2 potions of curing
 m - 2 potions of brilliance
 t - a potion of flight {unknown}
 v - a potion of mutation {unknown}


   Skills:
 - Level 1.2 Fighting
 * Level 3.7 Short Blades
 - Level 1.1 Axes
 - Level 1.7 Armour
 - Level 1.5 Dodging
 - Level 2.4 Stealth
 + Level 4.4 Spellcasting
 - Level 4.4 Necromancy


You had 10 spell levels left.
You knew the following spells:

 Your Spells              Type           Power      Damage    Failure   Level
a - Necrotise             Necr           64%        1d7       6%          1
b - Vampiric Draining     Necr           16%        2d7       19%         3

Your spell library contained the following spells:

 Spells                   Type           Power      Damage    Failure   Level
 Scorch                   Fire           6%         2d5       50%         2
 Animate Dead             Necr           16%        N/A       52%         4
 Vhi's Electric Charge    Tloc/Air       6%         N/A       75%         3
 Agony                    Necr           16%        N/A       86%         5
 Flame Wave               Conj/Fire      3%         2d5       98%         4
 Arcjolt                  Conj/Air       1%         1d11      100%        5
 Summon Forest            Summ/Tloc      1%         N/A       100%        5
 Summon Mana Viper        Hex/Summ       3%         N/A       100%        5
 Summon Cactus Giant      Summ           1%         N/A       100%        6
 Maxwell's Capacitive Co  Air            1%         ∞         100%        8


Dungeon Overview and Level Annotations

Branches:
Dungeon (5/15)
 Temple: D:4-7

Altars:
Elyvilon
Okawaru


Innate Abilities, Weirdness & Mutations

You have extremely sharp teeth.
Your natural rate of healing is unusually fast.
When hurt, damage is shared between your health and your magic reserves.
Your bite disrupts and absorbs the magic of your enemies.
Potions cannot restore your health.


Message History

The gnoll hits you but does no damage.
You barely miss the gnoll. You bite the gnoll. You drain its power.
You feel invigorated.
The gnoll is heavily wounded.
The gnoll hits you with a +0 spear.
The ice beast hits you but does no damage.
You closely miss the gnoll. Your bite misses the gnoll.
The gnoll is heavily wounded.
The gnoll barely misses you. The ice beast hits you. The ice beast freezes you!
You barely miss the gnoll. You bite the gnoll. You drain its power.
You feel invigorated.
The gnoll is almost dead.
The gnoll barely misses you.
The ice beast hits you but does no damage.
You hit the gnoll but do no damage. You bite the gnoll, but do no damage.
The gnoll is almost dead.
The ice beast hits you. The ice beast freezes you!
The gnoll hits you with a +0 spear!
* * * LOW HITPOINT WARNING * * *
The gnoll attacks as you move away! The gnoll hits you with a +0 spear.
* * * LOW HITPOINT WARNING * * *
The gnoll throws a throwing net.
The throwing net hits you.
You become entangled in the net!
You see here a throwing net.
Unknown command.
You struggle against the net.
The ice beast barely misses you.
The gnoll hits you from afar with a +0 spear.
* * * LOW HITPOINT WARNING * * *
Magic courses through your body. The ice beast hits you.
* * * LOW HITPOINT WARNING * * *
The ice beast freezes you.
The gnoll hits you from afar with a +0 spear.
* * * LOW HITPOINT WARNING * * *
You struggle against the net.
The ice beast hits you but does no damage.
The gnoll hits you but does no damage.
You shred the net and break free! The ice beast hits you.
* * * LOW HITPOINT WARNING * * *
The ice beast freezes you!
You die...

###################
#...#.............####
#.g.@....<......[..##
#...#Y####.....†.......
##. #g# #.###.###.##.#.
# #g##.# ##.##.##.#.
#>... .##.##... ....
.##.####. ....$ ....#
.. ....#.. ... .#.
.......# ######.


You could see an ice beast and 3 gnolls.

Vanquished Creatures
  A black bear (D:4)
  An orc priest (D:4)
  A jelly (D:5)
  A gnoll bouda (D:5)
  2 hounds
  Ijyb (D:4)
  2 iguanas (D:5)
  Robin (D:4)
  6 adders
  A dart slug (D:4)
  4 orcs (D:4)
  5 ball pythons
  5 endoplasms
  5 giant cockroaches
  7 goblins
  8 hobgoblins
  2 jackals (D:1)
  2 quokkas
  4 bats (D:1)
  3 frilled lizards
  11 kobolds
  10 rats
83 creatures vanquished.

Notes
Turn   | Place    | Note
-------+----------+-------------------------------------------
     0 | D:1      | tizbic2 the Vine Stalker Necromancer began the quest for
                  | the Orb.
     0 | D:1      | Reached XP level 1. HP: 9/9 MP: 4/4
   221 | D:1      | Reached XP level 2. HP: 3/13 MP: 0/6
   573 | D:1      | Reached skill level 1 in Armour
   608 | D:1      | Reached XP level 3. HP: 12/17 MP: 3/7
   620 | D:1      | Learned a level 3 spell: Vampiric Draining
  1191 | D:2      | Reached skill level 1 in Fighting
  1633 | D:2      | Gained mutation: Your natural rate of healing is unusually
                  | fast. [Vine Stalker growth]
  1633 | D:2      | Reached XP level 4. HP: 21/22 MP: 9/9
  1643 | D:2      | Found an iron altar of Okawaru.
  2449 | D:4      | Found a white marble altar of Elyvilon.
  2491 | D:4      | Noticed Ijyb
  2492 | D:4      | Noticed Robin
  2541 | D:4      | Killed Ijyb
  2542 | D:4      | Reached skill level 1 in Axes
  2675 | D:4      | Reached XP level 5. HP: 25/25 MP: 10/10
  2893 | D:4      | Reached skill level 1 in Short Blades
  2975 | D:4      | Killed Robin
  3140 | D:4      | Reached XP level 6. HP: 30/30 MP: 12/12
  3164 | D:4      | Noticed a black bear
  3171 | D:4      | Killed a black bear
  3401 | D:5      | Entered Level 5 of the Dungeon
  3587 | D:5      | Reached XP level 7. HP: 33/33 MP: 14/14
  3603 | D:5      | HP: 1/33 [gnoll/+0 spear[a gnoll bouda] (1)]
  3605 | D:5      | Slain by an ice beast

Illustrated notes

Levels and vault maps discovered:
D:1:      dpeg_arrival_boxes_within_box, layout_basic, st_stairs_3
D:2:      layout_loops_cross, basic_altar, nicolae_eternal_life, minivault_5
D:3:      layout_loops_ring, chequers_arboretum
D:4:      layout_basic, elyvilon_altar_1, minmay_misc_feat_enclosed,
          nicolae_goblin_pals
D:5:      layout_loops_ring

Skill      XL: |  1  2  3  4  5  6 |
---------------+-------------------+-----
Armour         | 1 |  1.7
Fighting       | 1 |  1.2
Spellcasting   | 3 4 |  4.4
Axes           | 1 |  1.1
Short Blades   | 2 3 |  3.7
Dodging        | |  1.5
Stealth        | |  2.4
Necromancy     | |  4.4

Action                     |  1- 3 |  4- 6 |  7- 9 || total
---------------------------+-------+-------+-------++-------
  Melee: Dagger            |    78 |    71 |       ||   149
         Bite              |    26 |    40 |     6 ||    72
         Short sword       |     2 |    16 |    11 ||    29
         Unarmed           |     1 |       |       ||     1
         Punch             |     1 |     1 |       ||     2
         Hand axe          |     6 |    14 |       ||    20
         Rapier            |       |    28 |       ||    28
         Flail             |       |    25 |       ||    25
  Throw: Stone             |     5 |       |       ||     5
   Cast: Necrotise         |    28 |     1 |       ||    29
         Vampiric Draining |     1 |     6 |       ||     7
    Use: Potion            |     1 |       |     1 ||     2
         Scroll            |     7 |     4 |       ||    11
   Stab: Sleeping          |     1 |     2 |       ||     3
 Armour: Robe              |    14 |       |       ||    14
         Chain mail        |     1 |       |       ||     1
         Scale mail        |     6 |     1 |       ||     7
         Leather armour    |     3 |     2 |       ||     5
         Ring mail         |       |    59 |     5 ||    64
  Dodge: Dodged            |    60 |    56 |     5 ||   121
